 Dungeon Crawl Stone Soup version 0.16.1-4-g8e1b745 (webtiles) character file.

238 ProjectEKO the Distorting Formicid (level 6, -1/47 HPs)
             Began as a Formicid Abyssal Knight on Mar 27, 2015.
             Was a Believer of Lugonu.
             Slain by an adder (4 damage)
             ... on level 3 of the Dungeon.
             The game lasted 00:06:05 (4037 turns).

ProjectEKO the Distorting Formicid (FoAK)           Turns: 4037, Time: 00:06:05

Health: -1/47      AC:  4    Str: 21    XL:     6   Next: 28%
Magic:  13/13      EV: 16    Int: 14    God:    Lugonu [**....]
Gold:   155        SH:  0    Dex: 15    Spells: 0 memorised, 5 levels left

rFire  . . .     SeeInvis +     r - +0 battleaxe
rCold  + . .     Clarity  .     A - +1 leather armour {rC+}
rNeg   . . .     SustAb   .     (no shield)
rPois  .         Gourm    .     (helmet unavailable)
rElec  .         Spirit   .     (no cloak)
rCorr  +         Warding  .     (no gloves)
rMut   .         Stasis   +     (no boots)
MR     .....                    g - amulet of resist corrosion
Stlth  +++.......               l - ring of stealth
                                (no ring)

@: mighty, agile, lethally poisoned (-1 -> -4), not resistant to hostile
enchantments, fairly stealthy
A: permanent stasis, dig shafts and tunnels, four strong arms, antennae 3
a: Dig, Shaft Self, Depart the Abyss, Bend Space, Renounce Religion


You were on level 3 of the Dungeon.
You worshipped Lugonu.
Lugonu was pleased with you.
You were not hungry.

You visited 1 branch of the dungeon, and saw 3 of its levels.
You visited the Abyss 1 time.

You collected 155 gold pieces.


Innate Abilities, Weirdness & Mutations

You are under a permanent stasis effect.
You can dig through walls and to a lower floor.
Your four strong arms can wield two-handed weapons with a shield.
You have a pair of large antennae on your head (SInv).


   Skills:
 - Level 3.2 Fighting
 - Level 1.0(2.8) Axes
 + Level 4.3(4.4) Maces & Flails
 - Level 2.1 Armour
 - Level 0.8 Dodging
 + Level 5.3 Invocations


You had 5 spell levels left.
You didn't know any spells.

Inventory:

Hand weapons
 a - a +1 mace
 r - a +0 battleaxe (weapon)
 z - a +0 flail
Missiles
 p - 53 stones (quivered)
 v - 4 javelins
Armour
 b - a +0 leather armour
 u - a +0 scale mail
 A - a +1 leather armour of cold resistance (worn)
Jewellery
 g - an amulet of resist corrosion (around neck)
 l - a ring of stealth (right hand)
Magical devices
 w - a wand of flame (13)
 y - a wand of random effects (32)
Scrolls
 f - 2 scrolls of teleportation {unknown}
 h - a scroll of noise {unknown}
 i - 2 scrolls of identify {unknown}
 m - a scroll of enchant armour {unknown}
 n - a scroll of fog {unknown}
 o - a scroll of amnesia {unknown}
 q - a scroll of enchant weapon {unknown}
 s - a scroll of fear {unknown}
Potions
 d - a potion of might
 j - a potion of heal wounds {unknown}
 k - a potion of curing {unknown}
 t - a potion of lignification {unknown}
Comestibles
 c - a bread ration
 x - a meat ration

Dungeon Overview and Level Annotations

Branches:
Dungeon (3/15)

Altars:

#.... #...# #####...##
$.........# #..<.#
##.#.# #.#)# #.#)# ###
#a#.# #...S.#.# ### .
#.#####.# .. ...
#.#####.#####.##.##....
#.............#.........
#######.#######...#
#...........#
#..###......##
###..###.......##


You could see an adder.


Message History

You finish putting on your +1 leather armour of cold resistance.
You feel resistant to cold.
Wield which item (- for none, * to show all)? (? for menu, Esc to quit)
r - a +0 battleaxe (weapon)
You start resting.
An adder comes into view.
The adder bites you but does no damage. The adder barely misses you.
You closely miss the adder. The adder closely misses you. The adder bites you.
* * * LOW HITPOINT BUTT * * *
Butt closely miss the adder.
The adder barely misses you. The adder butts you.
* * * LOW HITPOINT WARNING * * *
You miss the adder. The adder barely misses you. The adder closely misses you.
You miss the adder.
The adder closely misses butt.
The adder bites you.
* * * LOW HITPOINT WARNING * * *
You barely miss the adder. The adder bites you but does no damage.
The adder bites you.
* * * LOW HITPOINT BUTT * * *
You are lethally butt!
The adder poisons you!
Butt which item? (? for menu, Esc to quit)
It was a potion of might.
You feel very mighty all of a sudden.
* * * LOW HITPOINT WARNING * * *
You feel sick. The adder barely misses you.
Drink butt item? (? for menu, Esc to quit)
Butt was a potion of agility.
You feel agile all of a sudden.
* * * LOW HITPOINT WARNING * * *
You feel sick. The adder bites you.
You die...

Action                   |  1- 3 |  4- 6 || total
-------------------------+-------+-------++-------
Melee: Mace              |    93 |    49 ||   142
       Battleaxe         |       |   133 ||   133
Invok: Banish            |       |     1 ||     1
  Use: Potion            |       |     2 ||     2
 Stab: Sleeping          |       |     2 ||     2
  Eat: Chunk             |     1 |    10 ||    11

Vault maps used:
D:1:      scummos_arrival_checkerplants
D:3:      uniq_crazy_yiuf_cottage
Abyss:1:  evilmike_abyss_exit_14

Notes
Turn   | Place    | Note
--------------------------------------------------------------
     0 | Abyss:1  | ProjectEKO, the Formicid Abyssal Knight, began the quest for the Orb.
     0 | Abyss:1  | Reached XP level 1. HP: 18/18 MP: 1/1
    14 | D:1      | Escaped the Abyss
   255 | D:1      | Reached XP level 2. HP: 5/24 MP: 3/3
   725 | D:1      | Acquired Lugonu's second power
   725 | D:1      | Reached XP level 3. HP: 24/29 MP: 5/5
   786 | D:1      | Reached skill level 3 in Invocations
   839 | D:1      | Reached skill level 3 in Maces & Flails
  1207 | D:2      | Reached XP level 4. HP: 14/35 MP: 8/8
  1903 | D:2      | Reached skill level 4 in Invocations
  2126 | D:2      | HP: 3/35 [poisoned by an adder]
  2340 | D:2      | Reached XP level 5. HP: 17/41 MP: 11/11
  2819 | D:3      | Reached skill level 1 in Axes
  3483 | D:3      | Reached skill level 4 in Maces & Flails
  3556 | D:3      | Acquired Lugonu's third power
  3721 | D:3      | Reached skill level 5 in Invocations
  3721 | D:3      | Reached XP level 6. HP: 29/47 MP: 13/13
  3837 | D:3      | Noticed gw's ghost (average KoEE)
  3844 | D:3      | Banished gw's ghost
  4036 | D:3      | HP: 4/47 [poisoned by an adder]
  4037 | D:3      | Slain by an adder

Vanquished Creatures
  A hound (D:3)
  A gnoll (D:1)
  7 adders
  4 worms
  2 giant geckos (D:1)
  An ooze (D:1)
  8 orcs (D:3)
  10 bats
  A giant cockroach (D:1)
  7 goblins
  6 hobgoblins
  5 giant newts
  6 kobolds
  7 rats
66 creatures vanquished.

Vanquished Creatures (others)
  The ghost of gw the Digger, an average KoEE (D:3)
1 creature vanquished.

Grand Total: 67 creatures vanquished
